 Dungeon Crawl Stone Soup version 0.20-a0-303-g575bbf7 (webtiles) character file.

88 penismuncher the Poker (level 4, 0/35 HPs)
             Began as a Demonspawn Abyssal Knight on Dec 18, 2016.
             Was a Believer of Lugonu.
             Slain by a gnoll
             ... wielding a +1 flail of holy wrath
              (17 damage)
             ... on level 2 of the Dungeon.
             The game lasted 00:03:27 (2488 turns).

penismuncher the Poker (Demonspawn Abyssal Knight)  Turns: 2488, Time: 00:03:28

Health: 0/35       AC:  4    Str: 12    XL:     4   Next: 29%
Magic:  5/5        EV: 11    Int: 14    God:    Lugonu [**....]
Gold:   66         SH:  0    Dex: 13    Spells: 3/3 levels left

rFire  . . .     SeeInvis .     a - +1 spear
rCold  + . .     Gourm    .     b - +1 leather armour
rNeg   . . .     Faith    .     (no shield)
rPois  .         Spirit   .     (helmet restricted)
rElec  .         Reflect  .     (no cloak)
rCorr  .         Harm     .     (no gloves)
MR     .....                    (no boots)
Stlth  +.........               (no amulet)
                                (no ring)
                                (no ring)

@: no status effects
A: antennae 1, cold resistance 1
a: Depart the Abyss, Bend Space, Renounce Religion


You were on level 2 of the Dungeon.
You worshipped Lugonu.
Lugonu was pleased with you.
You were not hungry.

You visited 1 branch of the dungeon, and saw 2 of its levels.
You visited the Abyss 1 time.

You collected 66 gold pieces.

Inventory:

Hand Weapons
 a - a +1 spear (weapon)
Armour
 b - a +1 leather armour (worn)
Jewellery
 k - an uncursed ring of ice
Scrolls
 i - 2 scrolls of magic mapping {unknown}
 l - a scroll of recharging
 n - a scroll of enchant armour
Potions
 d - a potion of curing
 e - a potion of magic {unknown}
 f - a potion of cancellation {unknown}
 m - a potion of mutation {unknown}
Comestibles
 c - 2 bread rations
 g - 2 meat rations
 h - a beef jerky
 j - a royal jelly


   Skills:
 - Level 3.0 Fighting
 + Level 4.1 Polearms
 - Level 1.7 Armour
 - Level 0.8 Dodging
 - Level 2.4 Invocations


You had 3 spell levels left.
You didn't know any spells.

Dungeon Overview and Level Annotations

Branches:
Dungeon (2/15)

Altars:

Annotations:
D:1 exclusion: 2 downstairs


Innate Abilities, Weirdness & Mutations

You have a pair of small antennae on your head.
Your flesh is cold resistant. (rC+)


Message History

a club; a hobgoblin corpse
There is a stone staircase leading down here.
There are monsters nearby!
There are monsters nearby!
You hit the gnoll but do no damage. The bat barely misses you.
The gnoll hits you but does no damage.
There are monsters nearby!
You barely miss the gnoll. The bat hits you but does no damage.
The bat closely misses you.
You closely miss the gnoll. The bat hits you but does no damage.
The gnoll hits you with a flail! The gnoll hits you but does no damage.
The bat barely misses you. The bat hits you but does no damage.
The bat closely misses you. The bat barely misses you.
There is a stone staircase leading up here.
The bat hits you but does no damage. The gnoll barely misses you.
The gnoll hits you with a flail of holy wrath!
You convulse!
You die...

####..####..(...................
#..........##...####..#.#......
#..).......................(...
#.............#######.##.##....
###.....).....#.#....#..#)..#....
............#........##.......##.
##..#.####..###......#..#..[#..#.
##.##.# ##.......b.....##.##.##.
...##.# ######@g..g#...........
...##.## #.g...#...........
...##..# #######.....####........
..####.###....###....####........
#........#....###......##.g......
..................)..........[...
#########.....####..##...........
#########...).####......#........
#......##........#...##.....[.#..


You could see 3 gnolls and a bat.

Vanquished Creatures
  2 adders (D:2)
  A gnoll (D:1)
  2 worms (D:2)
  2 dart slugs (D:1)
  2 leopard geckos
  4 giant cockroaches
  3 goblins (D:1)
  8 hobgoblins
  3 jackals (D:1)
  4 kobolds (D:1)
  A quokka (D:2)
  4 bats
  3 frilled lizards
  9 rats
48 creatures vanquished.

Notes
Turn   | Place    | Note
-------+----------+-------------------------------------------
     0 | Abyss:1  | penismuncher the Demonspawn Abyssal Knight began the quest for the Orb.
     0 | Abyss:1  | Reached XP level 1. HP: 18/18 MP: 2/2
    78 | Abyss:1  | Noticed a ynoxinul
    80 | Abyss:1  | Noticed a small abomination
    83 | D:1      | Escaped the Abyss
   216 | D:1      | Reached skill level 2 in Polearms
   389 | D:1      | Gained mutation: You have a pair of small antennae on your head. [demonic ancestry]
   389 | D:1      | Reached XP level 2. HP: 23/24 MP: 3/3
   435 | D:1      | Reached * piety under Lugonu
   591 | D:1      | Reached skill level 3 in Polearms
   666 | D:1      | Gained mutation: Your flesh is cold resistant. (rC+) [demonic ancestry]
   666 | D:1      | Reached XP level 3. HP: 29/29 MP: 4/4
  2100 | D:2      | Reached XP level 4. HP: 17/35 MP: 5/5
  2107 | D:2      | Reached ** piety under Lugonu
  2107 | D:2      | Reached skill level 4 in Polearms
  2488 | D:2      | Slain by a gnoll

Vault maps used:
D:1:      dpeg_arrival_water_fire
D:2:      minmay_tromino_v4_b

Skill      XL: |  1  2  3  4 |
---------------+-------------+-----
Polearms       | 2 3 4 |  4.1
Fighting       | |  3.0
Armour         | |  1.7
Dodging        | |  0.8
Invocations    | |  2.4

Action                   |  1- 3 |  4- 6 || total
-------------------------+-------+-------++-------
Melee: Spear             |   164 |    20 ||   184
Invok: Depart the Abyss  |     1 |       ||     1
  Use: Scroll            |     2 |       ||     2
       Potion            |     2 |       ||     2
 Stab: Sleeping          |     2 |       ||     2
  Eat: Chunk             |     3 |     2 ||     5
Armor: Leather armour    |    59 |    10 ||    69
Dodge: Dodged            |   109 |    13 ||   122
